 Dungeon Crawl Stone Soup version 0.21.1-1-g345015f (webtiles) character file.

2711 nikopol the Thaumaturge (level 9, -1/45 HPs)
             Began as a Deep Elf Fire Elementalist on Feb 5, 2018.
             Was a Priest of Sif Muna.
             Slain by a hornet (10 damage)
             ... on level 5 of the Dungeon.
             The game lasted 00:26:24 (6219 turns).

nikopol the Thaumaturge (DEFE)                      Turns: 6219, Time: 00:26:25

Health: -1/45      AC:  5    Str:  5    XL:     9   Next: 39%
Magic:  6/24       EV: 14    Int: 24    God:    Sif Muna [***...]
Gold:   204        SH:  0    Dex: 15    Spells: 13/27 levels left

rFire    . . .     SeeInvis .   w - +2 dagger (flame)
rCold    . . .     Gourm    .   (no shield)
rNeg     . . .     Faith    .   a - +0 robe
rPois    .         Spirit   .   (no helmet)
rElec    .         Reflect  .   s - +0 cloak
rCorr    .         Harm     .   h - +0 pair of gloves
MR       .....                  f - +0 pair of boots
Stlth    +++.......             (no amulet)
HPRegen  0.15/turn              y - ring of flight
MPRegen  0.19/turn              (no ring)

@: lethally poisoned (-1 -> -7), slowed, very slow
A: no striking features
a: Divine Energy, Channel Magic, Renounce Religion, Evoke Flight


You were on level 5 of the Dungeon.
You worshipped Sif Muna.
Sif Muna was most pleased with you.
You were hungry.

You visited 1 branch of the dungeon, and saw 6 of its levels.

You collected 204 gold pieces.

Inventory:

Hand Weapons
 w - a +2 dagger of flaming (weapon)
Armour
 a - a +0 robe (worn)
 f - a +0 pair of boots (worn)
 h - a +0 pair of gloves (worn)
 s - a +0 cloak (worn)
Jewellery
 q - an uncursed amulet of rage {unknown}
 y - a ring of flight (left hand)
Wands
 x - a wand of enslavement (28)
 B - a wand of scattershot (7)
Scrolls
 k - 2 scrolls of blinking {unknown}
 l - a scroll of enchant weapon {unknown}
 m - 4 scrolls of identify
 n - 3 scrolls of enchant armour {unknown}
 o - 4 scrolls of remove curse
 p - a scroll of fog {unknown}
 r - a scroll of fear {unknown}
 u - a scroll of noise {unknown}
 v - a scroll of immolation {unknown}
 z - a scroll of amnesia {unknown}
 A - a scroll of magic mapping {unknown}
 D - a scroll of teleportation {unknown}
Potions
 d - 2 potions of heal wounds
 e - 2 potions of lignification
 g - a potion of invisibility
 i - 3 potions of degeneration
 j - a potion of brilliance
Books
 b - a book of Flames

   Spells                             Type                      Level
   a - Flame Tongue                   Conjuration/Fire             1
   b - Throw Flame                    Conjuration/Fire             2
   c - Conjure Flame                  Conjuration/Fire             3
   d - Inner Flame                    Hexes/Fire                   3
   e - Sticky Flame                   Conjuration/Fire             4
   f - Fireball                       Conjuration/Fire             5
 t - a book of Maledictions

   Spells                             Type                      Level
   a - Corona                         Hexes                        1
   b - Ensorcelled Hibernation        Hexes/Ice                    2
   c - Confuse                        Hexes                        3
   d - Tukima's Dance                 Hexes                        3
   e - Dazzling Spray                 Conjuration/Hexes            3
Comestibles
 c - 10 rations
 C - 2 chunks of flesh


   Skills:
 + Level 4.4 Dodging
 + Level 4.0 Stealth
 + Level 9.9 Spellcasting
 + Level 7.9 Conjurations
 + Level 2.0 Hexes
 + Level 7.8 Fire Magic


You had 13 spell levels left.
You knew the following spells:

 Your Spells              Type           Power        Failure   Level  Hunger
a - Flame Tongue          Conj/Fire      #####        1%          1    None
b - Throw Flame           Conj/Fire      #####.       1%          2    None
c - Conjure Flame         Conj/Fire      #####...     1%          3    None
d - Fireball              Conj/Fire      #####.....   5%          5    ####...
e - Dazzling Spray        Conj/Hex       #####.       1%          3    None


Dungeon Overview and Level Annotations

Branches:
Dungeon (6/15)
 Temple: D:4-7

Altars:
Kikubaaqudgha
Nemelex Xobeh
Qazlal
Sif Muna
Uskayaw
The Shining One


Message History

You climb upwards.
There is a stone staircase leading down here.
Casting: Flame Tongue
Confirm with . or Enter, or press ? or * to list all spells.
Aiming: Flame Tongue
Press: ? - help, Shift-Dir - straight line, f - hornet
Aim: a hornet (moderately wounded)
The flame tongue hits the hornet.
The hornet is severely wounded.
The hornet completely misses you. The hornet stings you!
* * * LOW HITPOINT WARNING * * *
You are poisoned.
You feel as though you will be slow longer.
Casting: Flame Tongue
Confirm with . or Enter, or press ? or * to list all spells.
Aiming: Flame Tongue
Press: ? - help, Shift-Dir - straight line, f/p - hornet
Aim: a hornet (severely wounded)
The flame tongue misses the hornet.
You feel sick. The hornet stings you!
You die...

#..#....#P.P....######[).#.#...
#..#.......P....(........#.####
#..#.#...PP.....[.###<(.#### #
#..###P.PP........###.#########
#...P.P........................
#.......#...)[....#..##########
#.......#....[[.....##
#.......##.......####
#.......#.....@...#
#########....y....# #.........#
#.........# #.........#
##.......## ##.....## #######


You could see a hornet.

Vanquished Creatures
  Pikel (D:4)
  Grinder (D:4)
  A yak (D:5)
  Edmund (D:5)
  2 phantoms (D:4)
  An ice beast (D:5)
  4 ogres
  3 centaurs (D:5)
  A water moccasin zombie (D:5)
  A scorpion (D:5)
  A killer bee (D:5)
  A centaur zombie (D:5)
  2 crimson imps
  A bullfrog zombie (D:5)
  An orc wizard (D:5)
  An orc priest (D:5)
  2 iguanas
  Natasha (twice) (D:2)
  3 bullfrog skeletons
  3 worker ants
  A hound zombie (D:5)
  Robin (D:2)
  A howler monkey zombie (D:5)
  10 gnolls
  A howler monkey skeleton (D:5)
  6 adders
  A shadow imp (D:5)
  An adder skeleton (D:4)
  5 worms
  5 dart slugs
  2 leopard geckos (D:4)
  10 orcs
  5 giant cockroaches
  17 goblins
  10 hobgoblins
  8 jackals
  4 kobolds
  4 quokkas
  4 bats
  A frilled lizard (D:1)
  A leopard gecko skeleton (D:4)
  5 rats
136 creatures vanquished.

Vanquished Creatures (others)
  A slave (D:4)
  Eustachio (D:4)
  A worker ant (D:4)
  A frilled lizard (D:4)
4 creatures vanquished.

Grand Total: 140 creatures vanquished

Notes
Turn   | Place    | Note
-------+----------+-------------------------------------------
     0 | D:1      | nikopol the Deep Elf Fire Elementalist began the quest for the Orb.
     0 | D:1      | Reached XP level 1. HP: 10/10 MP: 6/6
   299 | D:1      | Reached XP level 2. HP: 11/15 MP: 0/8
   370 | D:1      | Learned a level 2 spell: Throw Flame
   774 | D:2      | Found a hide-covered altar of Uskayaw.
   817 | D:2      | Reached XP level 3. HP: 19/19 MP: 5/10
   941 | D:2      | Found a stormy altar of Qazlal.
   976 | D:2      | Found a sparkling altar of Nemelex Xobeh.
  1074 | D:2      | Reached skill level 4 in Spellcasting
  1238 | D:2      | Noticed Robin
  1245 | D:2      | Learned a level 3 spell: Conjure Flame
  1259 | D:2      | Reached XP level 4. HP: 24/24 MP: 2/12
  1427 | D:2      | Killed Robin
  1691 | D:2      | Noticed Natasha
  1694 | D:2      | Killed Natasha
  1937 | D:2      | Reached XP level 5. HP: 28/28 MP: 6/13
  2306 | D:2      | Noticed Natasha
  2311 | D:2      | Killed Natasha
  2496 | D:3      | Found a deep blue altar of Sif Muna.
  2505 | D:3      | Became a worshipper of Sif Muna the Loreminder
  2622 | D:3      | Learned a level 5 spell: Fireball
  2834 | D:3      | Reached skill level 5 in Fire Magic
  3099 | D:3      | Found a glowing golden altar of the Shining One.
  3251 | D:4      | Reached XP level 6. HP: 26/32 MP: 6/15
  3562 | D:4      | Reached skill level 5 in Spellcasting
  3677 | D:4      | Noticed Pikel
  3677 | D:4      | Noticed a slave
  3677 | D:4      | Noticed a slave
  3677 | D:4      | Noticed a slave
  3677 | D:4      | Noticed Eustachio
  3680 | D:4      | Noticed a slave
  3691 | D:4      | Killed Pikel
  3691 | D:4      | Reached * piety under Sif Muna
  3691 | D:4      | Reached skill level 6 in Spellcasting
  3691 | D:4      | Reached skill level 5 in Conjurations
  3691 | D:4      | Reached XP level 7. HP: 36/36 MP: 1/19
  3706 | D:4      | Killed Eustachio
  3793 | D:4      | Killed a freed slave
  3815 | D:4      | Reached skill level 7 in Spellcasting
  3982 | D:4      | Reached XP level 8. HP: 41/41 MP: 9/20
  4096 | D:4      | Noticed Grinder
  4122 | D:4      | Killed Grinder
  4417 | D:5      | Entered Level 5 of the Dungeon
  4466 | D:5      | Reached skill level 8 in Spellcasting
  4522 | D:5      | Reached ** piety under Sif Muna
  4942 | D:5      | Reached skill level 9 in Spellcasting
  5095 | D:5      | Reached XP level 9. HP: 40/45 MP: 1/24
  5255 | D:4      | Learned a level 3 spell: Dazzling Spray
  5794 | D:5      | Reached skill level 1 in Hexes
  5802 | D:5      | Reached *** piety under Sif Muna
  5890 | D:5      | Found an ancient bone altar of Kikubaaqudgha.
  6006 | D:5      | Noticed Edmund
  6028 | D:5      | Killed Edmund
  6219 | D:5      | Slain by a hornet

Skill      XL: |  1  2  3  4  5  6  7  8  9 |
---------------+----------------------------+-----
Spellcasting   | 4 6 7 9 |  9.9
Fire Magic     | 4 5 6 7 |  7.8
Conjurations   | 2 3 5 7 |  7.9
Dodging        | 3 4 |  4.4
Stealth        | 3 4 |  4.0
Hexes          | 2 |  2.0

Action                   |  1- 3 |  4- 6 |  7- 9 || total
-------------------------+-------+-------+-------++-------
 Cast: Flame Tongue      |    55 |   125 |   141 ||   321
       Throw Flame       |     3 |     9 |    15 ||    27
       Conjure Flame     |     1 |     6 |     4 ||    11
       Fireball          |       |       |    10 ||    10
       Dazzling Spray    |       |       |    12 ||    12
  Use: Scroll            |       |       |     5 ||     5
  Eat: Chunk             |     1 |     8 |     5 ||    14
       Ration            |       |       |     1 ||     1
Armor: Robe              |       |    11 |    10 ||    21
Dodge: Dodged            |    12 |    21 |    60 ||    93
